 Dungeon Crawl Stone Soup version 0.16.1 (webtiles) character file.

104 Sixotanaka the Sneak (level 4, -4/22 HPs)
             Began as a Spriggan Assassin on Mar 23, 2015.
             Killed from afar by Sigmund (9 damage)
             ... with a wand of flame
             ... on level 2 of the Dungeon.
             The game lasted 00:05:54 (1847 turns).

Sixotanaka the Sneak (Spriggan Assassin)            Turns: 1847, Time: 00:05:54

Health: -4/22      AC:  3    Str:  7    XL:     4   Next: 52%
Magic:  8/8        EV: 17    Int: 12    God:
Gold:   117        SH:  0    Dex: 18    Spells: 0 memorised, 3 levels left

rFire  . . .     SeeInvis +     b - +0 blowgun
rCold  . . .     Clarity  .     c - +0 robe
rNeg   . . .     SustAb   .     (shield restricted)
rPois  .         Gourm    .     (helmet restricted)
rElec  .         Spirit   .     d - +0 cloak
rCorr  .         Warding  .     (gloves unavailable)
rMut   .         Stasis   .     (boots unavailable)
MR     .....                    (no amulet)
Stlth  ++++......               (no ring)
                                (no ring)

@: very quick, not resistant to hostile enchantments, stealthy
A: unfitting armour, see invisible, herbivore 3, speed 3, slow metabolism 2
a: no special abilities


You were on level 2 of the Dungeon.
You were not hungry.

You visited 1 branch of the dungeon, and saw 2 of its levels.

You collected 117 gold pieces.


Innate Abilities, Weirdness & Mutations

You are tiny and cannot use many weapons and most armour.
You have supernaturally acute eyesight.
You are a herbivore.
You cover ground extremely quickly.
You need consume almost no food.


   Skills:
 - Level 1.5 Fighting
 + Level 4.0 Short Blades
 - Level 2.1 Throwing
 - Level 1.5 Dodging
 + Level 7.7 Stealth


You had 3 spell levels left.
You didn't know any spells.

Dungeon Overview and Level Annotations

Branches:
Dungeon (2/15)

Altars:

Annotations:
D:2 Sigmund

Inventory:

Hand weapons
 a - a +2 dagger
 b - a +0 blowgun (weapon)
Missiles
 e - 16 poisoned needles (quivered)
 n - 2 throwing nets
Armour
 c - a +0 robe (worn)
 d - a +0 cloak (worn)
Jewellery
 k - a cursed amulet of inaccuracy {unknown}
Scrolls
 h - 2 scrolls of recharging
 i - 3 scrolls of identify {unknown}
Potions
 j - a potion of might {unknown}
 l - a potion of resistance {unknown}
 m - a potion of restore abilities {unknown}
Comestibles
 g - a bread ration

############ #..........#
######..........########
........................
...<...............(...#
.###............@#
.###.............# ##
..)'......###....# ####..#
.###......###....# ....... .#
#.÷....##....@##†.......
.#####....##............... #.
...###....##....(..........##+##.
...##............(.........#.....
...##.........#####........#.....


You could see Sigmund.


Message History

You shoot a poisoned needle.
The poisoned needle closely misses the gnoll.
There is a stone staircase leading down here.
You shoot a poisoned needle. The poisoned needle hits the gnoll!
The gnoll looks even sicker.
a - a +2 dagger (weapon)
You hit the gnoll.
You kill the gnoll!
You start resting.
Things that are here:
a club; a gnoll corpse
e - 19 poisoned needles (gained 1)
e - 20 poisoned needles (gained 1)
e - 21 poisoned needles (gained 1)
e - 22 poisoned needles (gained 1)
e - 23 poisoned needles (gained 1) Done exploring.
Done exploring.
There is a stone staircase leading down here.
You climb downwards.
Level annotation: Sigmund
There is a stone staircase leading up here.
Found 23 bolts.
The worm is too close now for your liking.
You barely miss the worm. You hit the worm. You hit the worm.
The worm bites you.
You hit the worm. You hit the worm. The worm closely misses you.
You hit the worm. You hit the worm but do no damage.
The worm closely misses you.
You hit the worm. You hit the worm. The worm closely misses you.
You hit the worm but do no damage. You hit the worm. The worm misses you.
You barely miss the worm. You hit the worm.
You kill the worm!
Your Short Blades skill increases to level 4!
You start resting.
b - a +0 blowgun (weapon)
Quiver which item? (- for none, * to show all) (? for menu, Esc to quit)
Quivering
f - 2 curare-tipped needles for blowguns.
You shoot a curare-tipped needle.
You catch the helpless Sigmund momentarily off-guard.
The curare-tipped needle hits Sigmund in a vulnerable spot.
Sigmund is poisoned.
Sigmund convulses.
Sigmund seems to slow down.
Sigmund zaps a wand.
The puff of flame hits you!
* * * LOW HITPOINT WARNING * * *
You shoot a curare-tipped needle.
The curare-tipped needle closely misses Sigmund.
Wield which item (- for none, * to show all)? (? for menu, Esc to quit)
Okay, then.
You shoot a poisoned needle.
The poisoned needle closely misses Sigmund.
You shoot a poisoned needle. The poisoned needle hits Sigmund!
Sigmund looks even sicker.
You shoot a poisoned needle. The poisoned needle hits Sigmund!
You shoot a poisoned needle. The poisoned needle hits Sigmund!
Sigmund giggles. "Time to reap what you sow."
You shoot a poisoned needle. The poisoned needle hits Sigmund!
You shoot a poisoned needle. The poisoned needle hits Sigmund!
Sigmund zaps a wand.
The puff of flame hits you!
* * * LOW HITPOINT WARNING * * *
You shoot a poisoned needle. The poisoned needle hits Sigmund!
Sigmund zaps a wand.
The puff of flame hits you!
You die...

Action                   |  1- 3 |  4- 6 || total
-------------------------+-------+-------++-------
Melee: Dagger            |   108 |    40 ||   148
 Fire: Blowgun           |    20 |    16 ||    36
  Use: Scroll            |     1 |       ||     1
 Stab: Sleeping          |    11 |       ||    11
       Distracted        |       |     2 ||     2

Vault maps used:
D:1:      tarquinn_simple_flora_water_f, minivault_26, columned_hall_lemuel
D:2:      kennysheep_vampire_church, uniq_sigmund

Notes
Turn   | Place    | Note
--------------------------------------------------------------
     0 | D:1      | Sixotanaka, the Spriggan Assassin, began the quest for the Orb.
     0 | D:1      | Reached XP level 1. HP: 10/10 MP: 2/2
    29 | D:1      | Reached skill level 6 in Stealth
   280 | D:1      | Reached XP level 2. HP: 14/14 MP: 4/4
   385 | D:1      | Reached skill level 3 in Short Blades
   591 | D:1      | Reached XP level 3. HP: 10/18 MP: 6/6
  1205 | D:2      | Reached skill level 7 in Stealth
  1461 | D:2      | Reached XP level 4. HP: 19/22 MP: 8/8
  1582 | D:2      | Noticed Sigmund
  1800 | D:2      | Reached skill level 4 in Short Blades
  1846 | D:2      | HP: 5/22 [Sigmund/wand of flame (6)]
  1847 | D:2      | Killed from afar by Sigmund

Vanquished Creatures
  2 gnolls (D:1)
  2 adders (D:2)
  A giant mite (D:2)
  2 worms (D:2)
  An ooze (D:1)
  5 bats
  5 giant cockroaches
  7 goblins
  A hobgoblin (D:1)
  4 jackals (D:1)
  A quokka (D:2)
  2 giant geckos
  A giant newt (D:2)
  4 kobolds
  7 rats
45 creatures vanquished.
